[Event "*** Titled Tuesday Blitz"]
[Site "Chess.com"]
[Date "2021.04.20"]
[Round "9"]
[White "dretch"]
[Black "AryanTari"]
[Result "1/2-1/2"]
[WhiteElo "2798"]
[BlackElo "2893"]
[TimeControl "180+1"]
[EndTime "11:46:09 PDT"]
[Termination "Game drawn by stalemate"]

1. d4 d5 2. c4 e6 3. Nc3 a6 4.
cxd5 exd5 5. Bf4 Nf6 6. e3 Bd6 7. Bg5 Be6 8. Bd3 O-O 9. Nge2 h6 10. Bf4 c5 11. Bxd6 Qxd6 12. dxc5 Qxc5 13. O-O Nc6 14. Rc1 Qd6 15. Bb1 Rad8 16. Qc2 d4 17. Rcd1 Qe5 18. exd4 Nxd4 19. Nxd4 Rxd4 20. Rfe1 Qc5 21. Rxd4 Qxd4 22. Rd1 Qc5 23. h3 b5 24. a3 Rc8 25. Qd2 Qb6 26. Qd6 Qb7 27. Qe5 Qb6 28. Rd6 Rc6 29. Rxc6 Qxc6 30.
Qb8+ Ne8 31. Be4 Qc8 32. Qb6 Nf6 33. Bb7 Qb8 34. Qxa6 Qf4 35. g3 Qc1+ 36. Kg2 Bc4 37. Kh2 Qxb2 38. Qa8+ Kh7 39. Ne4 Nxe4 40. Bxe4+ g6 41.
Qa7 Qe5 42. Bg2 Kg7 43. h4 Bb3 44. Qb6 Bc4 45. Qa7 h5 46. Qb6 Qc3 47. Qc5 Qc2 48.
Qd4+ Kh7 49. Bd5 Bxd5 50. Qxd5 Qxf2+ 51. Kh1 Qf1+ 52. Kh2 Qf2+ 53. Kh1 Qf5 54. Qxf5 gxf5 55. Kg2 Kg6 56. Kf3 Kg7 57. Ke3 Kg6 58. Kf3 Kf6 59.
Kf4 Ke6 60. Kg5 Ke5 61. Kxh5 f4 62. Kg4 f5+ 63. Kf3 fxg3 64. Kxg3 f4+ 65. Kf3 Kf5 66. h5 Kg5 67. h6 Kxh6 68. Kxf4 Kg6 69. Ke5 Kf7 70.
Kd6 Ke8 71. Kc6 Kd8 72. Kxb5 Kc8 73. a4 Kb8 74. a5 Ka8 75. a6 Kb8 76. Kb6 Ka8 77.
a7 1/2-1/2

[Event "*** Titled Tuesday Blitz"]
[Site "Chess.com"]
[Date "2021.04.20"]
[Round "9"]
[White "Grineva_Marianna"]
[Black "WiktoriaPOL"]
[Result "1-0"]
[WhiteElo "2223"]
[BlackElo "2050"]
[TimeControl "180+1"]
[EndTime "11:46:09 PDT"]
[Termination "Grineva_Marianna won by checkmate"]

1. e4 c5 2. Nf3 d6 3. d4 cxd4 4. Nxd4 Nf6 5. Nc3 a6 6. f3 e5 7. Nb3 Be7 8. Be3 O-O 9. g4 Nc6 10. Qd2 b5 11. O-O-O Bb7 12. h4 b4 13. Nd5 Nxd5 14.
exd5 Na5 15. Qxb4 Nxb3+ 16. Qxb3 Rb8 17. Bd3 Qa5 18. Be4 Rfc8 19. Bd2 Qc5 20. Qd3 Qb6 21. Bc3 a5 22. Bxh7+ Kf8 23. g5 Ba6 24. Qf5 Qe3+ 25. Rd2 Rxc3 26. Bg6 Qf4 27. Qxf4 exf4 28. bxc3 fxg6 29.
Rd4 Kg8 30. Rxf4 Rf8 31. Rxf8+ Kxf8 32. Kd2 Bc4 33. Rb1 Bxd5 34. Rb5 Bxa2 35. Rxa5 Bc4 36. Ke3 d5 37. f4 Kf7 38. Kd4 Ke6 39. Ra7 Bd8 40. Rb7 Kd6 41. Ke3 Be7 42. Kf3 d4 43. Rb4 Bd5+ 44. Ke2 dxc3 45. Rb6+ Bc6 46. Rb3 Kc5 47.
Rxc3+ Kd5 48. Rd3+ Ke6 49. Re3+ Kd7 50. Rb3 Bc5 51. c4 Kd6 52. Rd3+ Ke6 53. Rb3 Kf5 54. Rb8 Kxf4 55. Rc8 Bf3+ 56. Kd3 Be3 57. Rf8+ Kg3 58. Kxe3 Bg4 59. Rf7 Bf5 60. Rxg7 Kxh4 61. Kf4 Kh5 62. c5 Bg4 63. c6 Be6 64. c7 Bc8 65. Rg8 Bd7 66.
c8=Q Bxc8 67. Rxc8 Kh4 68. Rh8# 1-0

[Event "*** Titled Tuesday Blitz"]
[Site "Chess.com"]
[Date "2021.04.20"]
[Round "9"]
[White "Aradhya2000"]
[Black "vinniethepooh"]
[Result "1-0"]
[WhiteElo "2631"]
[BlackElo "2734"]
[TimeControl "180+1"]
[EndTime "11:46:15 PDT"]
[Termination "Aradhya2000 won by checkmate"]

1. d4 d5 2. c4 c6 3. Nf3 Nf6 4. Nc3 e6 5. e3 Nbd7 6. Nd2 Bb4 7.
g3 O-O 8. Bg2 e5 9. O-O exd4 10.
exd4 Nb6 11. c5 Nbd7 12. Nb3 b6 13. Bf4 bxc5 14. Bd6 Re8 15. dxc5 Ba6 16. Re1 Rxe1+ 17. Qxe1 Bc4 18. Nd2 Bxc5 19. Nxc4 dxc4 20. Bxc5 Nxc5 21. Rd1 Nd3 22. Qe2 Qb6 23. b3 Re8 24. Qd2 Ng4 25.
Ne4 f5 26. h3 fxe4 27. hxg4 c3 28. Qxc3 Qxf2+ 29. Kh2 Re6 30. Qc4 Qf7 31. Bxe4 Rh6+ 32.
Kg2 Qxc4 33. bxc4 Ne5 34. c5 Re6 35. Bf5 Re7 36. Rd6 g6 37. Be4 Nxg4 38. Bxc6 Ne3+ 39. Kf3 Nf5 40. Rd3 Rc7 41. Bd5+ Kf8 42. c6 Ne7 43. Ke4 Nxc6 44. Rc3 Re7+ 45. Kf4 Ne5 46. a4 Nd7 47. Rc8+ Re8 48. Rc7 Nf6 49. Rf7+ Kg8 50. Rxf6+ Kg7 51. Rf7+ Kh6 52. Rxa7 Rf8+ 53. Ke3 Kg5 54. Bf3 h5 55. Ra5+ Kf6 56. Rb5 Re8+ 57. Kf4 Rd8 58. Rb6+ Kf7 59. Ke5 Rd3 60. Bd5+ Kg7 61. Rb7+ Kh6 62. Rb3 Rd2 63. a5 Ra2 64. Rb5 Ra1 65. Kf6 Rf1+ 66. Ke5 Ra1 67. Bb7 Kg5 68. a6 Kg4 69. Rb3 g5 70. Bc8# 1-0

[Event "*** Titled Tuesday Blitz"]
[Site "Chess.com"]
[Date "2021.04.20"]
[Round "9"]
[White "vugarrasulov"]
[Black "Sanan_Sjugirov"]
[Result "0-1"]
[WhiteElo "2840"]
[BlackElo "2925"]
[TimeControl "180+1"]
[EndTime "11:46:17 PDT"]
[Termination "Sanan_Sjugirov won on time"]

1. e4 c5 2. Nf3 d6 3. d4 cxd4 4. Nxd4 Nf6 5. Nc3 a6 6. Be3 e5 7.
Nf3 Qc7 8. a4 Be7 9. Be2 O-O 10.
a5 h6 11. O-O Be6 12. Nd5 Nxd5 13. exd5 Bg4 14. Nd2 Bxe2 15. Qxe2 Nd7 16. c4 f5 17.
f3 Qd8 18. b4 Bg5 19. Rac1 Rc8 20. Nb3 Bxe3+ 21. Qxe3 Qh4 22. f4 Nf6 23. fxe5 dxe5 24.
Qxe5 Rxc4 25. d6 Rxc1 26. Rxc1 Qxb4 27. Nc5 Re8 28. Qc3 Qxc3 29. Rxc3 Re1+ 30. Kf2 Rd1 31. Rb3 Rxd6 32. Rxb7 Rd5 33. Ne6 g5 34. Rg7+ Kh8 35. Rf7 Ne4+ 36. Ke3 Rxa5 37. Ra7 Nd6 38. Nf8 Kg8 39. Ng6 Nf7 40. Kd4 Kg7 41. Ne7 Kf6 42. Nd5+ Kg7 43. Nc7 Ra2 44. g3 Rxh2 45. Rxa6 Rd2+ 46.
Ke3 Rd7 47. Ne8+ Kf8 48. Nf6 Rd8 49. Ra7 Kg7 50. Nd7 Re8+ 51. Kd4 Re7 52. Kd5 Ne5 53. Ra5 Nxd7 54. Kd6 Rf7 55. Ke6 Nf8+ 56. Kd6 f4 57.
g4 f3 58. Ra1 f2 59. Rf1 Ng6 60. Kd5 Nh4 61. Ke4 Rf4+ 62. Ke3 Kg6 63. Ke2 Ng2 64. Rb1 Ne1 65. Rb6+ Rf6 66. Kf1 Rxb6 0-1

[Event "*** Titled Tuesday Blitz"]
[Site "Chess.com"]
[Date "2021.04.20"]
[Round "9"]
[White "DamianoLew95"]
[Black "olksuna"]
[Result "0-1"]
[WhiteElo "2514"]
[BlackElo "2653"]
[TimeControl "180+1"]
[EndTime "11:46:17 PDT"]
[Termination "olksuna won on time"]

1. d4 Nf6 2. Bf4 e6 3. e3 b6 4. Qf3 d5 5. Nd2 Be7 6. Bd3 Ba6 7. Bxa6 Nxa6 8. c3 c5 9. Ne2 O-O 10. O-O Nc7 11. a4 a5 12. e4 dxe4 13. Nxe4 Nxe4 14.
Qxe4 Nd5 15. Bg3 Qc8 16. Nf4 Rd8 17. Nxd5 Rxd5 18. dxc5 Qxc5 19. Rfd1 Rad8 20. Rxd5 Rxd5 21. h3 h5 22. Qe2 h4 23. Bf4 Bd6 24. Be3 Qc6 25. Kf1 Be7 26. c4 Rd8 27. b3 Bc5 28.
Bg5 Rd4 29. Be3 Rd7 30. Rd1 Bxe3 31. fxe3 Qc7 32. Rd3 Qd8 33. Rxd7 Qxd7 34. Kf2 Qd6 35. Qc2 Qg3+ 36. Kf1 Qxe3 37. Qd1 Qf4+ 38. Kg1 Qe3+ 39. Kf1 g6 40. Qd8+ Kg7 41. Qxh4 Qxb3 42. Qd4+ Kh7 43.
Qh4+ Kg8 44. Qd8+ Kg7 45. Qd4+ f6 46. Qd7+ Kh6 47. Qxe6 Qxa4 48. Kg1 Qd1+ 49. Kh2 Qd4 50. Qf7 Qe5+ 51. g3 Qe2+ 52. Kg1 Qe1+ 53. Kg2 Qd2+ 54.
Kg1 Qd4+ 55. Kg2 Qe4+ 56. Kg1 Qe5 57. Kg2 a4 58. Qf8+ Kg5 59. Qc8 Qe2+ 60. Kg1 Qe3+ 61.
Kg2 Qe4+ 62. Kg1 Qd4+ 63. Kg2 f5 64. h4+ Kg4 65. Qc7 Qd2+ 66. Kg1 Kh3 67. Kf1 a3 0-1

[Event "*** Titled Tuesday Blitz"]
[Site "Chess.com"]
[Date "2021.04.20"]
[Round "9"]
[White "Nils_03"]
[Black "deribas12345"]
[Result "0-1"]
[WhiteElo "2396"]
[BlackElo "2543"]
[TimeControl "180+1"]
[EndTime "11:46:17 PDT"]
[Termination "deribas12345 won on time"]

1. d4 Nf6 2. c4 c5 3. d5 b5 4. cxb5 a6 5. bxa6 Bxa6 6. Nf3 d6 7. Nc3 g6 8. g3 Bg7 9. Bg2 O-O 10. Rb1 Nbd7 11.
O-O Ne8 12. Qc2 Nc7 13. Re1 Nb5 14. Nxb5 Bxb5 15. b3 Qa5 16. a4 Ba6 17. Bd2 Qb6 18. Bc3 Bxc3 19. Qxc3 Rfb8 20. Nd2 Qb4 21. Qe3 Ra7 22.
Be4 Nf6 23. Bf3 Bc8 24. Rbc1 Bf5 25. Rc4 Qa5 26. g4 Bc8 27. Rec1 Rb4 28. Rxb4 Qxb4 29.
Rc4 Qa3 30. g5 Ne8 31. Kg2 Qa1 32. Qc3 Qxc3 33. Rxc3 Ba6 34. h4 Nc7 35. Kf1 Rb7 36. Be4 Rb4 37. f3 f5 38. gxf6 exf6 39. h5 f5 40. Bd3 Nxd5 41. Rc1 Bxd3 42. exd3 gxh5 43. Ra1 Kf7 44. a5 Nc7 45. a6 d5 46. a7 Na8 47.
Ke2 h4 48. Rh1 Kf6 49. Kf2 Rb7 50. Ra1 Rg7 51. Ra6+ Ke5 52. Ke3 f4+ 53. Kf2 Kd4 54. Nf1 h3 55. Rd6 Rg2+ 56. Ke1 Rg1 57. Rh6 Rg7 58. Rxh3 Rxa7 59. Rh4 Kxd3 60. Rxf4 Ra1+ 61. Kf2 Nb6 62. Rf7 c4 63. bxc4 dxc4 64. Rxh7 c3 65. Ng3 Ra2+ 66. Kf1 Nc4 67. Rd7+ Ke3 68. Ne4 Nd2+ 0-1

[Event "*** Titled Tuesday Blitz"]
[Site "Chess.com"]
[Date "2021.04.20"]
[Round "9"]
[White "SanchezKelvin"]
[Black "kai_nov"]
[Result "1/2-1/2"]
[WhiteElo "148"]
[BlackElo "2313"]
[TimeControl "180+1"]
[EndTime "11:46:19 PDT"]
[Termination "Game drawn by agreement"]

1. d4 d5 2. c4 e6 3. Nf3 c6 4. Nc3 dxc4 5. a4 Bb4 6. e3 b5 7. Ne5 Nf6 8. Be2 Bb7 9. O-O a6 10. Bf3 Nd5 11. Ne4 O-O 12. Nc5 Qe7 13. e4 Nf6 14. Nxb7 Qxb7 15. d5 cxd5 16. exd5 Nxd5 17. Qd4 Nd7 18. Ng4 Bc5 19. Qe4 Rad8 20. Bg5 Rb8 21.
axb5 axb5 22. Qe2 Qc6 23. Rad1 f5 24. Ne5 Nxe5 25. Qxe5 Kh8 26. Bxd5 exd5 27. Qxd5 Qxd5 28. Rxd5 Rbc8 29. Rc1 h6 30. Bf4 Kh7 31. h4 Kg6 32. Rcd1 Rfe8 33. R1d2 Re4 34. g3 Kf6 35. Kg2 Rc6 36. Rd8 g5 37. hxg5+ hxg5 38. Bb8 f4 39. Kf3 g4+ 40. Kxg4 fxg3+ 41. Kf3 Ree6 42. fxg3 Re3+ 43. Kg2 Rb3 44. Bf4 b4 45. Re2 c3 46. bxc3 bxc3 47. Rd3 Kf5 48. Rf3 Kg6 49. Bc1 Bd4 50. Re4 Bf6 51. Rg4+ Kf7 52. Bg5 c2 53. Bc1 Rb1 54. Rf1 Rxc1 55. Rxc1 Bb2 56. Rf4+ Kg6 57. Rff1 Bxc1 58.
Rxc1 Kf5 59. Kf3 Rc3+ 60. Ke2 Ke4 61. Kd2 Kd4 62. Rxc2 Rxg3 63. Rc8 Rg2+ 64. Ke1 Ke3 65. Re8+ Kd3 66. Kf1 Rc2 67. Rd8+ Kc3 68. Rh8 Kd3 69.
Ke1 Ke3 70. Rh3+ Ke4 71. Kd1 Ra2 72. Rb3 Kd4 73. Kc1 Kc4 74. Rg3 Re2 75. Kd1 Rf2 76.
Rg4+ Kd3 77. Ke1 Rh2 78. Rg3+ Ke4 1/2-1/2

[Event "*** Titled Tuesday Blitz"]
[Site "Chess.com"]
[Date "2021.04.20"]
[Round "9"]
[White "not_najdorfs_player"]
[Black "VladaSviridova"]
[Result "0-1"]
[WhiteElo "2352"]
[BlackElo "2275"]
[TimeControl "180+1"]
[EndTime "11:46:22 PDT"]
[Termination "VladaSviridova won by resignation"]

1. e4 e6 2. d4 d5 3. Nd2 c5 4. exd5 Qxd5 5. Ngf3 cxd4 6. Bc4 Qd7 7. O-O Nc6 8. Nb3 a6 9. a4 Nf6 10.
Nbxd4 Nxd4 11. Nxd4 Qc7 12. Qe2 Bd6 13. h3 O-O 14. c3 Bd7 15. Rd1 e5 16. Nf3 e4 17.
Nd4 Rac8 18. Bb3 Rfe8 19. Bg5 Be5 20. Nc2 h6 21. Be3 Bf5 22. Nd4 Bg6 23. Rac1 Bh5 24. g4 Bg6 25. Kh1 h5 26. Nf5 hxg4 27. hxg4 Bf4 28. Kg2 Bxf5 29. gxf5 Qe5 30. Bd4 Qxf5 31.
Rc2 Nh5 32. Rh1 g6 33. Kf1 Be5 34. Be3 Nf4 35. Bxf4 Bxf4 36. Rg1 e3 37. f3 Red8 38. Rc1 Rd2 39. Bc2 Rxe2 40. Bxf5 Rf2+ 41. Ke1 Rd8 42. Be4 f5 43. Bxb7 Kg7 44. Bxa6 Rdd2 45. Rf1 Rxb2 46. Rxf2 exf2+ 47. Kf1 Bxc1 48. Be2 Be3 49.
a5 Rb1+ 50. Kg2 Rg1+ 51. Kh2 f1=Q 52. Bxf1 Rxf1 53. Kg2 Rg1+ 54. Kh3 g5 55. a6 Rh1+ 56. Kg2 Ra1 57. a7 Rxa7 58. f4 g4 59. Kg3 Ra2 60. c4 Rc2 61. c5 Bf2+ 62. Kg2 Bxc5+ 63. Kg3 Rc4 64. Kh4 Bd6 65. Kg5 Bxf4+ 66. Kh5 Bh2 67. Kh4 g3+ 68. Kh3 Rc1 69. Kg2 Kf6 70. Kh3 Ke5 71.
Kg2 f4 72. Kh3 f3 73. Kg4 Ke4 74. Kh3 Kf4 75. Kh4 Rc5 0-1

[Event "*** Titled Tuesday Blitz"]
[Site "Chess.com"]
[Date "2021.04.20"]
[Round "9"]
[White "Volodar_Murzin"]
[Black "ukchessbomber"]
[Result "1-0"]
[WhiteElo "2726"]
[BlackElo "2538"]
[TimeControl "180+1"]
[EndTime "11:46:23 PDT"]
[Termination "Volodar_Murzin won by resignation"]

1. e4 e5 2. Nf3 Nc6 3. Bb5 a6 4. Ba4 Nf6 5. O-O b5 6. Bb3 Bc5 7. c3 d6 8. d4 Bb6 9. Be3 O-O 10. Nbd2 Re8 11. h3 Bb7 12. Re1 Na5 13. Bc2 c5 14.
dxe5 dxe5 15. Qe2 Nc6 16. Red1 Qc7 17. Nf1 Ne7 18. Bg5 Ng6 19. Bxf6 gxf6 20. g3 Kh8 21. Ne3 Rad8 22. c4 bxc4 23. Ba4 Bc6 24. Bxc6 Qxc6 25.
Qxc4 Qe6 26. Qxa6 Ra8 27. Qb5 Rab8 28. Qd7 Nf8 29. Qxe6 Nxe6 30. Nc4 Re7 31. Rd6 Bc7 32. Rd5 Rb4 33. b3 Rb8 34. Rad1 Kg8 35. Rd7 Kf8 36. Rxe7 Kxe7 37. Nh4 Ra8 38. Nf5+ Ke8 39. Rd2 Nd4 40.
Nxd4 cxd4 41. Kf1 Kd7 42. Ke2 Kc6 43. Kd3 Kc5 44. Rc2 Kb5 45. Nd2 Bd6 46. Nc4 Be7 47.
f4 Rg8 48. g4 exf4 49. Rf2 h5 50. Rxf4 hxg4 51. hxg4 Bc5 52. Rf5 Rh8 53. Rxf6 Rh3+ 54. Ke2 Rh2+ 55. Kf1 Rxa2 56. Rf5 d3 57. Ne5 d2 58.
Ke2 Bg1 59. Nf3+ Kb4 60. Nxg1 Kxb3 61. Nf3 Kc3 62. Rc5+ Kb4 63. Rd5 Kc4 64. Nxd2+ Kc3 65. Ke3 Ra1 66. Nf3 Kc2 67. Kf4 Rf1 68. Rd2+ Kc1 69.
Rd7 Kc2 70. Rxf7 1-0

[Event "*** Titled Tuesday Blitz"]
[Site "Chess.com"]
[Date "2021.04.20"]
[Round "9"]
[White "artichaud"]
[Black "chessdiamant"]
[Result "1-0"]
[WhiteElo "2239"]
[BlackElo "2321"]
[TimeControl "180+1"]
[EndTime "11:46:23 PDT"]
[Termination "artichaud won by checkmate"]

1. e4 c5 2. Nc3 d6 3. d3 g6 4. g4 Bg7 5. Bg2 e6 6. Nge2 Ne7 7. Ng3 Nbc6 8. h4 Bd7 9. h5 Qc7 10.
h6 Bd4 11. Nce2 Rf8 12. Nxd4 cxd4 13. c4 O-O-O 14. g5 f5 15. gxf6 Rxf6 16. Bg5 Rf7 17. Qd2 Rdf8 18. Rf1 Ne5 19. f4 Ng4 20. Bh3 Ne3 21.
Rg1 d5 22. cxd5 exd5 23. Rc1 Nc6 24. Bxd7+ Qxd7 25. b4 Kb8 26. b5 Ne7 27. e5 Qxb5 28. Ne2 N7f5 29. Nxd4 Nxd4 30. Qxe3 Qa5+ 31. Kf1 Ne6 32.
Kg2 Qxa2+ 33. Kh1 Nxg5 34. fxg5 Rf2 35. Qg3 R2f3 36. Qh2 Qxh2+ 37. Kxh2 Re8 38. d4 Rd3 39. Rcf1 Rxd4 40. Rf7 Rxe5 41. Rxh7 Rh4+ 42. Kg3 Rh5 43. Kf4 Rf5+ 44. Ke3 a5 45. Rg7 Ka7 46. h7 a4 47. Rb1 Rh3+ 48. Kd4 Ka6 49. Rbxb7 Ka5 50. Rb8 Ka6 51. h8=Q Rxh8 52. Rxh8 Rxg5 53. Rb8 Rg4+ 54. Ke5 a3 55. Ra8+ Kb5 56. Rxa3 Rg5+ 57. Kf6 d4 58. Kxg5 Kb4 59. Ra1 d3 60. Rd1 Kc3 61. Rd7 Kc2 62.
R7xd3 Kb2 63. Kxg6 Kc2 64. Kf5 Kb2 65. Ke4 Kc2 66.
R1d2+ Kc1 67. Rg2 Kb1 68. Rh3 Kc1 69. Rh1# 1-0

[Event "*** Titled Tuesday Blitz"]
[Site "Chess.com"]
[Date "2021.04.20"]
[Round "9"]
[White "moro182"]
[Black "GMSrinath"]
[Result "1-0"]
[WhiteElo "2718"]
[BlackElo "2832"]
[TimeControl "180+1"]
[EndTime "11:46:26 PDT"]
[Termination "moro182 won by resignation"]

1. d4 Nf6 2. c4 e6 3. Nc3 Bb4 4. Nf3 c5 5. g3 cxd4 6. Nxd4 O-O 7. Bg2 d5 8. Qb3 Bc5 9. Nf3 Nc6 10. O-O d4 11.
Na4 Be7 12. e3 e5 13. exd4 exd4 14. Bf4 Qa5 15. Rfe1 Bb4 16. Red1 Rd8 17. a3 Bf8 18. Bd2 Qh5 19. Bg5 Na5 20. Qb5 b6 21. Bxf6 Qxb5 22.
cxb5 gxf6 23. Nxd4 Bg4 24. Bxa8 Bxd1 25. Rxd1 Rxa8 26.
Nc6 Nc4 27. Rd4 Nd6 28. Nc3 Re8 29. Kf1 Ra8 30. a4 f5 31. Nd5 Kg7 32. Ne3 Kf6 33.
g4 fxg4 34. Nxg4+ Ke6 35. Ne3 Bg7 36. Rxd6+ Kxd6 37. Nf5+ Kc5 38. Nxg7 a6 39. Nf5 axb5 40.
axb5 Kxb5 41. Ncd4+ Kc4 42. Kg2 Ra2 43. b3+ Kc3 44.
Kf3 f6 45. h4 Rb2 46. Ke3 Rb1 47. h5 Re1+ 48. Kf4 Rd1 49. Ke4 Re1+ 50. Kd5 Re5+ 51.
Kd6 Re4 52. Kd5 Re5+ 53. Kc6 b5 54. Nxb5+ Kxb3 55. Nbd4+ Kc4 56. Kd6 Kd3 57. Kd7 Ke4 58. Kd6 Kf4 59. h6 Kg5 60. Nf3+ Kxf5 61. Nxe5 fxe5 62. Kd5 e4 63. Kd4 Kf4 64. Kd5 Kf5 65. Kd6 Kf4 66. Ke6 Kf3 67. Kf5 Kxf2 68. Kxe4 Kg3 69. Kf5 Kh4 70. Kf6 Kg4 71. Kg7 Kf5 72. Kxh7 Kf6 73. Kg8 Kg6 74. h7 1-0

[Event "*** Titled Tuesday Blitz"]
[Site "Chess.com"]
[Date "2021.04.20"]
[Round "9"]
[White "Iskusnyh"]
[Black "lamomiablanca"]
[Result "1-0"]
[WhiteElo "2606"]
[BlackElo "2396"]
[TimeControl "180+1"]
[EndTime "11:46:29 PDT"]
[Termination "Iskusnyh won on time"]

1. d4 d5 2. c4 c6 3. Nf3 Nf6 4. e3 g6 5. Nc3 Bg7 6. Be2 O-O 7. O-O Bg4 8. b3 Bxf3 9. Bxf3 e6 10. Bb2 Nbd7 11. Re1 Re8 12. g3 Rc8 13. Bg2 Qc7 14. Rc1 Qd6 15. c5 Qc7 16. f4 h5 17. b4 a6 18. a4 b5 19. axb5 axb5 20. Ra1 Ra8 21.
Qc2 Qb7 22. h3 Red8 23. Rxa8 Rxa8 24. Ra1 Rxa1+ 25. Bxa1 Qa6 26. Bb2 Qa7 27. Bf3 Qa6 28. Kg2 Qa7 29. g4 hxg4 30. hxg4 Qa6 31. Qb1 Ne8 32. Be2 Nc7 33. Bd3 Nf6 34. Kf3 Qa7 35. Bc2 Qa6 36. Ne2 Qa7 37. Ng3 Qa8 38. f5 exf5 39. gxf5 g5 40. Qa1 Qxa1 41. Bxa1 g4+ 42. Kf2 Bh6 43. Bc3 Bg5 44. Bd2 Bh4 45. Kg2 Bg5 46. Bd1 Kg7 47. Bc1 Na6 48. Bd2 Nc7 49. Bc2 Na6 50. Bd3 Nc7 51. Ne2 Kh6 52. Kg3 Kh5 53.
Nf4+ Bxf4+ 54. Kxf4 Kh4 55. Be1+ Kh3 56. Bf1+ Kh2 57.
Kg5 Nce8 58. Kf4 Kg1 59. Be2 Ne4 60. Bxg4 Kf1 61. Bh4 f6 62. Bh5 Ng7 63. Bf7 Ke2 64.
Bg8 Kd3 65. Be1 Kc4 66. Bf7 Kb3 67. Be6 Kc4 68. Bd7 1-0

[Event "*** Titled Tuesday Blitz"]
[Site "Chess.com"]
[Date "2021.04.20"]
[Round "9"]
[White "OlegKrivonosov"]
[Black "Vanina1989"]
[Result "1/2-1/2"]
[WhiteElo "2643"]
[BlackElo "2788"]
[TimeControl "180+1"]
[EndTime "11:46:31 PDT"]
[Termination "Game drawn by repetition"]

1. Nf3 d5 2. d4 Nf6 3. c4 c6 4. cxd5 cxd5 5. Nc3 Nc6 6. Bf4 a6 7. Rc1 Bf5 8. e3 e6 9. Qb3 Ra7 10. Be2 Be7 11. Ne5 O-O 12. O-O Nxe5 13. Bxe5 Nd7 14.
Bg3 b5 15. a4 b4 16. Nb1 Qb6 17. Nd2 Nb8 18. Bd3 Bxd3 19. Qxd3 Nc6 20. Nb3 g6 21. Rc2 Rc8 22. Rfc1 Raa8 23. h3 Qb7 24. Nc5 Bxc5 25.
Rxc5 Ne7 26. b3 Rxc5 27. Rxc5 Rc8 28. Qc2 Rc6 29. Kf1 Qb6 30. Rxc6 Qxc6 31. Qxc6 Nxc6 32. Bd6 f6 33. Ke2 Kf7 34. Kd3 e5 35. f3 Ke6 36.
Bc5 Kf5 37. e4+ Ke6 38. g4 exd4 39. Bxd4 dxe4+ 40. Kxe4 f5+ 41. gxf5+ gxf5+ 42. Kd3 Kd5 43. Bb6 f4 44. Bf2 Ne5+ 45. Ke2 Nf7 46. Be1 a5 47.
Bf2 Ng5 48. h4 Ne6 49. Kd3 Nd8 50. Bb6 Nb7 51. Bf2 h6 52. Bb6 h5 53. Bf2 Nd8 54.
Bb6 Nc6 55. Bf2 Ne5+ 56. Ke2 Ng6 57. Kd3 Ne7 58. Bb6 Nc6 59. Bf2 Ne5+ 60. Ke2 Nd7 61. Kd3 Nf8 62. Bb6 Ne6 63. Bf2 Ng7 64. Bb6 Nf5 65. Bf2 Ke5 66. Kc4 Kd6 67. Kd3 Kd5 68. Ke2 Nd4+ 69. Bxd4 Kxd4 70. Kd2 Ke5 71. Kd3 Kd5 72. Ke2 Kd4 73. Kd2 Ke5 74. Kd3 Kd5 75. Ke2 Kd4 1/2-1/2

[Event "*** Titled Tuesday Blitz"]
[Site "Chess.com"]
[Date "2021.04.20"]
[Round "9"]
[White "bsnsun"]
[Black "MatyChess1"]
[Result "1-0"]
[WhiteElo "2457"]
[BlackElo "2620"]
[TimeControl "180+1"]
[EndTime "11:46:31 PDT"]
[Termination "bsnsun won by resignation"]

1. Nf3 d5 2. c4 e6 3. g3 Nf6 4.
Bg2 Be7 5. O-O O-O 6. d4 dxc4 7.
Ne5 Nc6 8. Bxc6 bxc6 9. Nxc6 Qe8 10. Nxe7+ Qxe7 11. Qc2 e5 12. dxe5 Qxe5 13. Bf4 Qh5 14. Qxc4 Be6 15. Qc2 Bf5 16. Qc5 Ne4 17. Qa5 Nf6 18. f3 Qh3 19. Nc3 Rfe8 20. Rf2 Re6 21. e4 Bg6 22. Bxc7 h5 23. Rd1 h4 24. Qg5 hxg3 25.
hxg3 Nh7 26. Rd8+ Re8 27. Rxa8 Rxa8 28. Qd5 Rc8 29. Rh2 Qe6 30. Qxe6 fxe6 31. Bf4 Nf6 32. Rd2 Be8 33. Kf2 Nd7 34. Rd6 Kf7 35. e5 Nb6 36.
Ne4 Rc2+ 37. Ke1 Rxb2 38. Ng5+ Ke7 39. Rxe6+ Kd7 40. Rd6+ Ke7 41. Ne4 Bb5 42. Bg5+ Kf7 43. e6+ Kg6 44. e7+ Kh7 45. Rd8 Nc4 46. e8=Q Bxe8 47.
Rxe8 Rxa2 48. Bf4 a5 49. Ng5+ Kh6 50. Re6+ g6 51. g4 Kg7 52. Ra6 Kg8 53. Ne6 Nb2 54.
Bd2 Nd3+ 55. Ke2 Ne5 56. Nf4 Nc4 57. Ra8+ Kf7 58. Rd8 Ne5 59. Nd3 Nc4 60. Nc5 a4 61. Rd4 Nb2 62. Rb4 a3 63. Rb3 Ra1 64. Bc3 Ra2 65.
Bxb2 axb2 66. Kd3 Kf6 67. Kc2 b1=Q+ 68. Kxb1 Rf2 69. Ne4+ Ke5 70. Nxf2 Kf4 71. Rb6 g5 72. Rg6 Kg3 73. Rxg5 Kf4 74. Rg8 Kxf3 75. g5 1-0

[Event "*** Titled Tuesday Blitz"]
[Site "Chess.com"]
[Date "2021.04.20"]
[Round "9"]
[White "FMJoseHerrera"]
[Black "davigator"]
[Result "1/2-1/2"]
[WhiteElo "2611"]
[BlackElo "2438"]
[TimeControl "180+1"]
[EndTime "11:46:31 PDT"]
[Termination "Game drawn by repetition"]

1. Nf3 d5 2. g3 Bg4 3. Bg2 Nd7 4. d3 c6 5. O-O e5 6. c3 Ngf6 7. Qb3 Qb6 8. Be3 Qc7 9. c4 d4 10. Bd2 a5 11. Qc2 h6 12. b3 Bd6 13. a3 O-O 14. e3 c5 15. e4 Rab8 16. Nh4 b5 17. h3 Be6 18. f4 bxc4 19. bxc4 Nb6 20. f5 Bd7 21. Bxa5 Ra8 22. Bd2 Na4 23. g4 Nh7 24. Bc1 Be7 25. Nf3 f6 26. Nh4 Rfb8 27. Nd2 Nc3 28. Ng6 Bd6 29. Nf3 Ba4 30. Qf2 Rb3 31.
h4 Be8 32. g5 fxg5 33. hxg5 Bxg6 34. fxg6 Nf8 35. gxh6 Nxg6 36. Bh3 gxh6 37. Kh2 Nf4 38. Bxf4 exf4 39. e5 Rab8 40. exd6 Qxd6 41. Rg1+ Kh8 42.
Qh4 Rb2+ 43. Kh1 Ne2 44. Ng5 Rf8 45. Ne4 Qc6 46. Bg2 Ng3+ 47. Nxg3 f3 48. Ne4 fxg2+ 49. Rxg2 Rxg2 50. Kxg2 Qg6+ 51. Kh1 Kh7 52. Rg1 Qc6 53. Qg4 Qb7 54. Qg6+ Kh8 55. Qxh6+ Qh7 56. Qxh7+ Kxh7 57. Rg5 Rf3 58. Rg3 Rf1+ 59. Kg2 Ra1 60. Nxc5 Rxa3 61.
Ne6 Kh6 62. Nxd4 Kh5 63. Nf5 Ra2+ 64. Kf3 Rf2+ 65. Ke4 Rf4+ 66. Ke5 Re4+ 67. Kd5 Re5+ 68. Kd6 Rd5+ 69. Ke6 Re5+ 70. Kf6 Re6+ 71. Kf7 Rf6+ 72. Ke7 Rf7+ 73. Kd8 Rd7+ 74. Ke8 Rd8+ 75. Ke7 Re8+ 76. Kd6 Re6+ 77. Kd5 Re5+ 78. Kd4 Re4+ 79. Kd5 Re5+ 1/2-1/2

[Event "*** Titled Tuesday Blitz"]
[Site "Chess.com"]
[Date "2021.04.20"]
[Round "9"]
[White "Chernobay_Artem"]
[Black "GadimbayliA"]
[Result "1-0"]
[WhiteElo "2642"]
[BlackElo "2749"]
[TimeControl "180+1"]
[EndTime "11:46:33 PDT"]
[Termination "Chernobay_Artem won by resignation"]

1. d4 d5 2. c4 e5 3. dxe5 d4 4. Nf3 Nc6 5. a3 Nge7 6. b4 Ng6 7. Bb2 a5 8. b5 Ncxe5 9. Nxe5 Nxe5 10. e3 Be6 11. Bxd4 Nxc4 12. Nc3 Nxa3 13. Be2 Nc4 14. O-O Be7 15. Bf3 Nd6 16. Bxg7 Rg8 17. Be5 Bf6 18. Qd4 Bxe5 19. Qxe5 Qg5 20. Qxg5 Rxg5 21. Rfb1 Ke7 22. h4 Rc5 23. Ra3 Ra7 24. b6 cxb6 25. Na4 Rb5 26. Rxb5 Nxb5 27. Ra1 Nd6 28. Nxb6 Nc4 29. Nd5+ Kd6 30.
Nc3 Kc5 31. Rb1 Nd2 32. Na4+ Kd6 33. Rd1 b5 34. Rxd2+ Ke7 35. Nc3 b4 36. Na4 Bd7 37. Bd1 Rc7 38. Nb6 Be6 39. Kh2 b3 40. Rb2 Rb7 41. Na4 Rb4 42. Nc5 a4 43. Rb1 Rxh4+ 44.
Kg3 Rc4 45. Nxb3 axb3 46. Bxb3 Rb4 47. Bc2 Rg4+ 48. Kh2 h5 49. Rb5 Rh4+ 50. Kg3 Rg4+ 51. Kf3 Rc4 52. Bd3 Rc3 53. Be4 Rc4 54. Rxh5 Rc1 55.
Bd5 Bd7 56. Rh7 Be8 57. Kg3 Rd1 58. e4 Rd3+ 59. Kf4 Rd1 60. f3 Kf6 61. g4 Kg6 62. Rh5 f6 63. Rh8 Bb5 64. Rg8+ Kh7 65. Rf8 Kg7 66. Rf7+ Kg6 67. Rb7 Be2 68. Ke3 Bf1 69.
f4 Rd3+ 70. Kf2 Bh3 71. Be6 1-0

[Event "*** Titled Tuesday Blitz"]
[Site "Chess.com"]
[Date "2021.04.20"]
[Round "9"]
[White "CURRUTACO59"]
[Black "NefeLV"]
[Result "0-1"]
[WhiteElo "2159"]
[BlackElo "1828"]
[TimeControl "180+1"]
[EndTime "11:46:35 PDT"]
[Termination "NefeLV won on time"]

1. Nf3 d5 2. e3 c5 3. d4 cxd4 4.
exd4 Nc6 5. Bd3 Nf6 6. h3 Bd7 7. O-O e6 8. c3 Be7 9. Re1 O-O 10.
Bf4 Rc8 11. Nbd2 Na5 12. Ne5 Be8 13. Qf3 b5 14. Nf1 Nc4 15. Qe2 a6 16. Rad1 g6 17. Bh6 Nd7 18. Nxd7 Bxd7 19. Bxf8 Bxf8 20. Ne3 Bg7 21.
Nxc4 bxc4 22. Bc2 a5 23. Rb1 a4 24. Qd1 Qa5 25. a3 Rb8 26. Qf3 Rb6 27. h4 h5 28. Re2 Qa7 29. Qf4 Be8 30. Bd1 Kh7 31. Qg3 Qe7 32. Rc1 Bh6 33. Rcc2 Bd7 34. Re1 Qf6 35.
Bf3 Bf4 36. Qh3 Rd6 37. g3 Bh6 38. Qg2 Qf5 39. Rce2 Rb6 40. Re5 Qf6 41. R1e2 Bc8 42. Kh2 Bd7 43. Qh1 Bc8 44. Bg2 Bd7 45. Qd1 Bc8 46.
Bh3 Bd7 47. Bg2 Bc8 48. f4 Bd7 49. Bf3 Bc8 50. Kg2 Bd7 51. Qe1 Bc8 52. Rd2 Bd7 53. Bd1 Bc8 54. Bxa4 Bb7 55. Bd1 Qe7 56. Bf3 Qd7 57. Qd1 f6 58. Re1 e5 59. fxe5 fxe5 60. Rxe5 Bxd2 61. Qxd2 Rf6 62. Re2 Qf7 63. Rf2 Bc8 64.
Qe2 Bf5 65. a4 Bb1 66. Qe3 Bd3 67. a5 Rf5 68. a6 Qa7 0-1